[Event "44th Open Sitges 2018"]
[Site "Sitges"]
[Date "2018.07.29"]
[Round "9"]
[White "Blasco Coll, Andreu"]
[Black "Pogorelov, Ruslan"]
[Result "1/2-1/2"]
[ECO "E46"]
[WhiteElo "2242"]
[BlackElo "2373"]
[Annotator "NA"]
[PlyCount "129"]
[EventDate "2018.07.22"]
[EventType "swiss"]
[EventCountry "ESP"]
[SourceTitle "playchess.com"]
[Source "ChessBase"]
[SourceQuality "1"]
[TimeControl "40/5400+30:1800+30"]

1. d4 Nf6 2. c4 e6 3. Nc3 Bb4 4. e3 O-O 5. Nge2 d5 6. a3 Be7 7. cxd5 exd5 8. Nf4 c6 9. Bd3 Re8 10. O-O Bd6 11. Bd2 b6 12. Rc1 Bxf4 13. exf4 Ba6 14. Bxa6 Nxa6 15. Qa4 Qc8 16. Rfe1 Qb7 17. Re5 Nd7 18. Re3 Rxe3 19. Bxe3 Re8 20. Na2 c5 21. Nc3 Nab8 22. Qb3 c4 23. Qc2 Nf6 24. f5 h6 25. Qd1 Qd7 26. Qf3 Nc6 27. g4 Ne4 28. Ne2 b5 29. Nf4 a5 30. Nh5 b4 31. Kh1 Qd6 32. a4 b3 33. Rg1 Qd8 34. f6 Nxf6 35. g5 Nxh5 36. Qxh5 g6 37. gxh6 Kh7 38. Qf3 Qd7 39. Rg5 Qe6 40. Bd2 Nxd4 41. Qxd5 Nf5 42. Qxe6 Rxe6 43. Bxa5 Ra6 44. Bd2 Rxa4 45. Bc3 Nh4 46. Rg1 Kxh6 47. Rd1 Ra6 48. h3 f6 49. Rd8 Nf5 50. Rd7 Rc6 51. Kg2 g5 52. Kf3 Rd6 53. Rc7 Rd3+ 54. Kg2 Nh4+ 55. Kf1 Rxh3 56. Bxf6 Rf3 57. Bg7+ Kg6 58. Bd4 Rf4 59. Rxc4 Nf5 60. Rc6+ Kh5 61. Bc3 Ng3+ 62. Kg2 Ne4 63. f3 Nxc3 64. Rxc3 Rb4 65. Kg3 1/2-1/2

[Event "44th Open Sitges 2018"]
[Site "Sitges"]
[Date "2018.07.29"]
[Round "9"]
[White "Mas Mestres, Jordi"]
[Black "Todts, Benny"]
[Result "0-1"]
[ECO "D00"]
[WhiteElo "1825"]
[BlackElo "1938"]
[Annotator "NA"]
[PlyCount "32"]
[EventDate "2018.07.22"]
[EventType "swiss"]
[EventCountry "ESP"]
[SourceTitle "playchess.com"]
[Source "ChessBase"]
[SourceQuality "1"]
[TimeControl "40/5400+30:1800+30"]

1. d4 c5 2. c3 d5 3. Bf4 Nc6 4. e3 Bf5 5. Nd2 Nf6 6. Ngf3 e6 7. Bb5 Qb6 8. Qa4 a6 9. Bxc6+ bxc6 10. dxc5 Bxc5 11. Nb3 Bc2 12. Nfd4 Bxd4 13. Qxd4 Qb5 14. Qc5 Bxb3 15. Qxb5 axb5 16. O-O Bxa2 0-1